 Dungeon Crawl Stone Soup version 0.29.1 (webtiles) character file.

Game seed: 12118540157241931852

378 Ashen the Chiller (level 6, 42/46 HPs)
             Began as a Demonspawn Ice Elementalist on Sept 14, 2022.
             Got out of the dungeon alive.
             The game lasted 00:07:36 (4305 turns).

Ashen the Chiller (Demonspawn Ice Elementalist)     Turns: 4305, Time: 00:07:37

Health: 42/46      AC:  6    Str:  9    XL:     6   Next: 45%
Magic:  10/10      EV: 13    Int: 18    God:
Gold:   477        SH:  0    Dex: 13    Spells: 4/11 levels left

rFire   x . .      SeeInvis .   f - +0 spear (flame)
rCold   + . .      Faith    .   (no shield)
rNeg    . . .      Spirit   .   a - +0 robe
rPois   .          Reflect  .   (no helmet)
rElec   .          Harm     .   (no cloak)
rCorr   .          Rampage  .   (no gloves)
Will    .....                   l - +0 pair of boots
Stlth   ++........              (no amulet)
HPRegen 0.15/turn               j - ring of ice
MPRegen 0.12/turn               (no ring)

@: no status effects
A: hooves 1, icy blue scales 2, powered by death 1, spiny 1
a: no special abilities


You escaped.
You visited 1 branch of the dungeon, and saw 4 of its levels.
You also visited: Ossuary.

You collected 477 gold pieces.

Inventory:

Hand Weapons
 f - a +0 spear of flaming (weapon)
Missiles
 k - 2 throwing nets
Armour
 a - a +0 robe (worn)
 l - a +0 pair of boots (worn)
Jewellery
 j - a ring of ice (left hand)
Scrolls
 d - a scroll of identify
 e - a scroll of noise {unknown}
 g - a scroll of brand weapon {unknown}
 n - a scroll of blinking {unknown}
 p - 3 scrolls of vulnerability {unknown}
 u - 2 scrolls of fear {unknown}
 v - 2 scrolls of teleportation {unknown}
Potions
 b - a potion of magic
 c - a potion of resistance
 h - 3 potions of curing
 i - 3 potions of brilliance
 m - a potion of cancellation
 o - a potion of might
 q - a potion of berserk rage
 r - a potion of attraction
 s - 2 potions of lignification
 t - 3 potions of haste
 x - a potion of mutation {unknown}


   Skills:
 + Level 2.7 Fighting
 + Level 3.2 Dodging
 + Level 3.3 Stealth
 + Level 3.3 Spellcasting
 + Level 4.5 Ice Magic


You had 4 spell levels left.
You knew the following spells:

 Your Spells              Type           Power      Damage    Failure   Level
a - Freeze                Ice            100%       1d11      2%          1
b - Frozen Ramparts       Ice            56%        1d9       8%          3
c - Ozocubu's Armour      Ice            28%        N/A       8%          3

Your spell library contained the following spells:

 Spells                   Type           Power      Damage    Failure   Level
 Ensorcelled Hibernation  Hex/Ice        32%        N/A       10%         2
 Beastly Appendage        Tmut           4%         N/A       16%         1
 Foxfire                  Conj/Fire      8%         2x1d4     16%         1
 Passwall                 Tmut/Erth      1%         N/A       24%         2
 Wereblood                Tmut           2%         N/A       24%         2
 Conjure Flame            Conj/Fire      2%         6-21      43%         3
 Inner Flame              Hex/Fire       2%         N/A       43%         3
 Portal Projectile        Hex/Tloc       4%         N/A       43%         3
 Spider Form              Tmut/Pois      2%         N/A       43%         3
 Swiftness                Air            2%         N/A       43%         3
 Tukima's Dance           Hex            2%         N/A       43%         3
 Hailstorm                Conj/Ice       16%        3d6       52%         4
 Flame Wave               Conj/Fire      2%         2d4       85%         4
 Blade Hands              Tmut           1%         N/A       99%         5


Dungeon Overview and Level Annotations

Branches:
Dungeon (4/15)            Ossuary (visited)
 Temple: D:4-7

Altars:


Innate Abilities, Weirdness & Mutations

You have large cloven feet.
You are mostly covered in icy blue scales. (AC +3)
You regenerate a little health from kills.
You are partially covered in sharp spines.


Message History

Aiming: Freeze (safe; 2% risk of failure)
Press: ? - help, Shift-Dir - straight line, f - orc
Aim: an orc, wielding a +0 short sword You feel a surge of power!
You freeze the orc.
The orc is moderately wounded.
The orc hits you with a +0 short sword.
Casting: Freeze (safe; 2% risk of failure)
Confirm with . or Enter, or press ? or * to list all spells.
Aiming: Freeze (safe; 2% risk of failure)
Press: ? - help, Shift-Dir - straight line, f/p - orc
Aim: an orc, wielding a +0 short sword (moderately wounded)
You feel a surge of power!
You freeze the orc!
You kill the orc!
You see here a +0 short sword.
Things that are here:
a +1 dagger of speed; an orc corpse
(D) Dungeon
Where to? (Enter - D:3 @ (x,y), ? - help) Sorry, I don't know how to get there.
(D) Dungeon
Where to? (Enter - D:3 @ (x,y), ? - help)
What level of the Dungeon? (default 1, ? - help)
There is an open door here.
Things that are here:
a +0 club; a +0 leather armour
There is a stone staircase leading up here.
You climb upwards.
There is a stone staircase leading down here.
There is a stone staircase leading up here.
You climb upwards.
There is a stone staircase leading down here.
Magic restored.
There is a stone staircase leading up here.
You climb upwards.
There is a stone staircase leading down here.
There is a stone staircase leading down here.
There is an open door here.
There is a staircase leading out of the dungeon here.
Are you sure you want to leave the Dungeon?
This will make you lose the game!
You have escaped!

########### #....@....#
#.#.....#.# #.#.....#.#
#.........# ##+##+##'##
##.........#
#........>#####
#.#######.....#########
#.#####.##.##..........


There were no monsters in sight!

Vanquished Creatures
  An orc priest (D:3)
  2 orc wizards (D:4)
  Terence (D:3)
  8 mummies (Ossuary)
  4 gnolls
  5 adders
  2 dart slugs (D:2)
  8 orcs
  11 endoplasms
  3 giant cockroaches
  6 goblins
  4 hobgoblins
  4 kobolds
  A quokka (D:1)
  9 ball pythons
  2 bats (D:1)
  3 frilled lizards
  3 gnoll zombies (Ossuary)
  2 hobgoblin zombies (Ossuary)
  2 kobold zombies (Ossuary)
  An orc zombie (Ossuary)
  3 rats
85 creatures vanquished.

Notes
Turn   | Place    | Note
-------+----------+-------------------------------------------
     0 | D:1      | Ashen the Demonspawn Ice Elementalist began the quest for
                  | the Orb.
     0 | D:1      | Reached XP level 1. HP: 13/13 MP: 3/3
   516 | D:1      | Gained mutation: You are partially covered in icy blue
                  | scales. (AC +2) [demonic ancestry]
   516 | D:1      | Reached XP level 2. HP: 19/20 MP: 5/5
  1106 | D:2      | Reached skill level 1 in Fighting
  1106 | D:2      | Gained mutation: You are mostly covered in icy blue scales.
                  | (AC +3) [demonic ancestry]
  1106 | D:2      | Reached XP level 3. HP: 18/26 MP: 4/6
  1693 | D:2      | Gained mutation: You have large cloven feet. [demonic
                  | ancestry]
  1693 | D:2      | Reached XP level 4. HP: 30/32 MP: 7/7
  1699 | D:2      | Reached skill level 4 in Ice Magic
  1895 | D:2      | Learned a level 3 spell: Frozen Ramparts
  1899 | D:2      | Learned a level 3 spell: Ozocubu's Armour
  2115 | D:2      | Found a faded altar of an unknown god.
  2451 | D:3      | Noticed Terence
  2464 | D:3      | Killed Terence
  2465 | D:3      | Gained mutation: You are partially covered in sharp spines.
                  | [demonic ancestry]
  2465 | D:3      | Reached XP level 5. HP: 27/38 MP: 1/9
  3320 | D:4      | Found a sand-covered staircase.
  3368 | Ossuary  | Entered an ossuary
  3714 | Ossuary  | Gained mutation: You regenerate a little health from kills.
                  | [demonic ancestry]
  3714 | Ossuary  | Reached XP level 6. HP: 37/46 MP: 7/10
  4305 | D:$      | Got out of the dungeon alive.

Illustrated notes

Levels and vault maps discovered:
D:1:      lemuel_arrival_behind_the_door_small, layout_basic, st_stairs_5,
          minmay_crystal_water, chequers_serial_rivers_room_a
D:2:      layout_basic, chequers_ecumenical_altar_grove
D:3:      layout_loops_ring, uniq_terence
D:4:      layout_gridville, grunt_temple_overflow_champion_of_chaos,
          nicolae_ossuary_entry_false_entrances, serial_park_tiny_pond,
          dilly_guarded_unrand_morg

Skill      XL: |  1  2  3  4  5 |
---------------+----------------+-----
Stealth        | 2 3 |  3.3
Dodging        | 2 3 |  3.2
Fighting       | 1 2 |  2.7
Ice Magic      | 4 |  4.5
Spellcasting   | 3 |  3.3

Action                   |  1- 3 |  4- 6 || total
-------------------------+-------+-------++-------
Melee: Unarmed           |     9 |       ||     9
       Spear             |    59 |   144 ||   203
       Punch             |     1 |     1 ||     2
       Kick              |       |     4 ||     4
 Cast: Freeze            |    26 |    40 ||    66
       Ozocubu's Armour  |       |     3 ||     3
  Use: Scroll            |     1 |     9 ||    10
       Potion            |       |     1 ||     1
 Stab: Sleeping          |     4 |     6 ||    10
       Distracted        |     1 |       ||     1
Armor: Robe              |    15 |    35 ||    50
Dodge: Dodged            |    63 |    71 ||   134
